 Dungeon Crawl Stone Soup version 0.25.1-2-g60ff931df9 (webtiles) character file.

Game seed: 10014906594918023271

51 xaos the Chopper (level 4, -1/33 HPs)
             Began as a Human Gladiator on Oct 1, 2020.
             Slain by a kobold
             ... wielding a +0 dagger
              (3 damage)
             ... on level 3 of the Dungeon on Oct 4, 2020.
             The game lasted 00:04:55 (1094 turns).

xaos the Chopper (Human Gladiator)                  Turns: 1094, Time: 00:04:55

Health: -1/33      AC:  4    Str: 15    XL:     4   Next: 5%
Magic:  4/4        EV: 13    Int:  9    God:
Gold:   88         SH:  0    Dex: 14    Spells: 3/3 levels left

rFire    . . .     SeeInvis .   a - +0 war axe
rCold    . . .     Gourm    .   (no shield)
rNeg     . . .     Faith    .   e - +0 leather armour
rPois    .         Spirit   .   c - +0 helmet
rElec    .         Reflect  .   (no cloak)
rCorr    .         Harm     .   (no gloves)
MR       .....                  (no boots)
Stlth    +.........             (no amulet)
HPRegen  0.11/turn              (no ring)
MPRegen  0.09/turn              (no ring)

@: no status effects
A: no striking features
a: no special abilities


You were on level 3 of the Dungeon.
You were hungry.

You visited 1 branch of the dungeon, and saw 3 of its levels.

You collected 88 gold pieces.

Inventory:

Hand Weapons
 a - a +0 war axe (weapon)
 l - a +0 whip
Missiles
 d - 3 throwing nets (quivered)
 i - 2 curare-tipped darts
 j - 19 arrows
 k - 3 boomerangs
 m - 20 stones
Armour
 b - a +0 leather armour
 c - a +0 helmet (worn)
 e - a +0 leather armour (worn)
Scrolls
 n - a scroll of enchant armour {unknown}
 p - 2 scrolls of identify {unknown}
 r - a scroll of random uselessness {unknown}
Potions
 g - a potion of cancellation {unknown}
 h - a potion of haste {unknown}
 o - a potion of curing {unknown}
 q - a potion of stabbing {unknown}
Comestibles
 f - 4 rations


   Skills:
 + Level 2.1 Fighting
 + Level 3.9 Axes
 + Level 2.0 Throwing
 + Level 0.4 Armour
 + Level 3.5 Dodging


You had 3 spell levels left.
You didn't know any spells.
Your spell library was empty.

Dungeon Overview and Level Annotations

Branches:
Dungeon (3/15)

Altars:

Annotations:
D:3 Sigmund


Message History

* * * LOW HITPOINT WARNING * * *
The kobold hits you with a +0 dagger.
* * * LOW HITPOINT WARNING * * *
You closely miss Sigmund.
Sigmund is lightly wounded.
You barely miss the kobold. Sigmund hits you but does no damage.
The kobold misses you.
You hit Sigmund.
Sigmund is moderately wounded.
You hit the kobold. Sigmund barely misses you. The kobold barely misses you.
You completely miss Sigmund.
Sigmund is moderately wounded.
You closely miss the kobold. The kobold hits you but does no damage.
Sigmund misses you. The kobold hits you but does no damage.
You closely miss Sigmund.
Sigmund is moderately wounded.
You miss the kobold. Sigmund gestures at you while chanting.
You resist with some effort. The kobold hits you with a +0 dagger.
You die...

.....## ......# ##
### ....... . ..#
$....# #.
#.##.....#
#..#.......#
##.#..@†...#
#....K@....##
...##........###
#######...........
.......(.........
#######.......###
###..#..##
#........###.
#............
#........##..


You could see Sigmund and a kobold.

Vanquished Creatures
  2 adders (D:2)
  A dart slug (D:1)
  A leopard gecko (D:1)
  3 giant cockroaches
  5 hobgoblins
  4 jackals (D:2)
  3 kobolds (D:1)
  A quokka (D:3)
  2 bats
  3 goblins
  3 rats
28 creatures vanquished.

Vanquished Creatures (others)
  4 toadstools (D:1)
4 creatures vanquished.

Grand Total: 32 creatures vanquished

Notes
Turn   | Place    | Note
-------+----------+-------------------------------------------
     0 | D:1      | xaos the Human Gladiator began the quest for the Orb.
     0 | D:1      | Reached XP level 1. HP: 16/16 MP: 1/1
   467 | D:1      | Reached XP level 2. HP: 22/22 MP: 2/2
   713 | D:2      | Reached XP level 3. HP: 25/27 MP: 3/3
  1047 | D:3      | Reached XP level 4. HP: 33/33 MP: 4/4
  1079 | D:3      | Noticed Sigmund
  1090 | D:3      | HP: 1/33 [kobold/+0 dagger (2)]
  1094 | D:3      | Slain by a kobold

Illustrated notes

Levels and vault maps discovered:
D:1:      ldierk_water_garden, layout_basic, serial_co_window_serial,
          co_window_corner_a, co_window_paths_b, co_window_paths_b,
          co_window_paths_a, co_window_paths_a, co_window_2corner,
          co_window_unsneaky_path_d, co_window_unsneaky_path_b, glass_columns_a,
          glass_columns_a, glass_columns_b, glass_columns_b, glass_columns_c
D:2:      layout_loops_corners
D:3:      layout_rooms, serial_curves, eino_curves_01, eino_curves_02,
          eino_curves_04, kennysheep_generic_room_11, uniq_sigmund

Action                   |  1- 3 |  4- 6 || total
-------------------------+-------+-------++-------
Melee: War axe           |   111 |    15 ||   126
Armor: Leather armour    |    43 |     9 ||    52
Dodge: Dodged            |    97 |    10 ||   107
